Tilon, neutral male human Wizard ---- --..|------ |...--....| ---- ------ .--|-........-- --..---....---- ...|..........---.............| --............................| |........................|.--- --........ ... ...----- --......) ..| --.k@G... ..-- -...h.^.|. ...| ......|.| ..| ......| ..-- ..... .%.. .... .... Tilon the Conjurer Experience level: 5 Strength: 11 Dexterity: 13 Constitution: 14 Intelligence: 18 Wisdom: 14 Charisma: 10 Health: 0(38) Energy: 3(48) Def: 4 Gold: 228 Moves: 2428 Dungeon seed: Df8pORQvjafH8yxG Game ID: Tilon_1485629751 Your Inventory: Coins $ - 228 gold pieces Weapons a - a blessed +1 quarterstaff m - a +1 orcish dagger o - 2 +0 orcish daggers C - 5 +0 daggers (wielded) Armor e - an uncursed +0 cloak of magic resistance (being worn) r - an uncursed +0 orcish helm (being worn) D - a cursed -1 helm of opposite alignment E - an uncursed +0 pair of iron shoes (being worn) Scrolls i - 2 uncursed scrolls of enchant weapon j - 2 uncursed scrolls of identify w - 2 uncursed scrolls of confuse monster x - an uncursed scroll of light y - an uncursed scroll of stinking cloud F - an uncursed scroll of scare monster Spellbooks k - a blessed spellbook of force bolt l - an uncursed spellbook of healing t - an uncursed spellbook of turn undead Potions f - an uncursed potion of booze g - an uncursed potion of object detection h - an uncursed potion of gain level p - an uncursed potion of sleeping s - an uncursed potion of fruit juice z - 2 uncursed potions of blindness A - a blessed potion of healing G - an uncursed potion of monster detection Rings c - an uncursed +1 ring of increase accuracy (on left hand) d - an uncursed ring of polymorph Wands b - a wand of death (0:6) Gems n - an uncursed worthless piece of blue glass q - an uncursed worthless piece of orange glass Spells and supernatural/magical abilities: Name Level Category Fail Memory a - force bolt 1 attack 4% 88% h - healing 1 healing 4% 88% W - pray for help -- divine ? -- Your skills at the end: Fighting Skills Weapon Skills dagger [Basic] quarterstaff [Basic] Spellcasting Skills attack spells [Basic] enchantment spells [Basic] Final Attributes: You were piously aligned. You were magic-protected. You had a +1 bonus to hit. You are dead. Vanquished creatures: 2 gnome lords 2 floating eyes 3 dwarves a werejackal a hobbit a giant rat a yellow mold 16 gnomes 2 jackals 2 foxes a kobold 6 goblins 4 grid bugs 3 lichens 8 newts 53 creatures vanquished. Voluntary challenges: You used a wielded weapon 32 times, starting on turn 62. You read items or engraved 3 times, starting on turn 607. You never genocided any monsters. You never polymorphed an object. You never changed form. You used no wishes. You never split a pudding. You never wrote Elbereth's name. You never violated your personal moral code. Dungeon overview: The Dungeons of Doom: levels 1 to 4 Level 1 a fountain a long staircase Level 2 a scroll shop, some fountains Level 3 a fountain stairs to The Gnomish Mines Level 4 a fountain The Gnomish Mines: levels 4 to 5 Level 4 stairs to The Dungeons of Doom Level 5 <- You were here History has recorded: On T:1 you entered the Dungeons of Doom to retrieve the Amulet of Yendor! On T:213 you advanced to experience level 2. On T:428 you reached level 2 of The Dungeons of Doom. On T:990 you reached level 3 of The Dungeons of Doom. On T:1015 you advanced to experience level 3. On T:1264 you reached level 4 of The Dungeons of Doom. On T:1696 you reached level 1 of The Gnomish Mines. On T:1742 you advanced to experience level 4. On T:2168 you reached level 2 of The Gnomish Mines. On T:2410 you advanced to experience level 5. Score breakdown: Gold: 228 ( 8027 points) Experience: 5 levels (11141 points) Exploration: 5 levels ( 9.62%) ( 8401 points) Discoveries: 1 item ( 0.35%) ( 1767 points) Valuables value: (no points given unless you survive) Artifact value: 0 ( 0 points) Variety of kills: 15 monsters ( 3.94%) ( 5952 points) Turncount: 2428 turns ( -287 points) Survival: died (score multiplied by 80%) Total score: 28000 Latest messages: You hit the gnome. (2x) The dwarf swings his broad pick. The dwarf hits! The gnome swings his crossbow. The gnome hits! The spell hits the gnome! The gnome resists! You kill the gnome! The spell misses it. (2x) You hit the kobold shaman. The air crackles around the kobold shaman. You hit the kobold shaman. The dwarf swings his broad pick. The dwarf hits! You feel momentarily lethargic. The gnome lord hits! You see here 11 crossbow bolts. The dwarf swings his broad pick. The dwarf hits! You die... Final status: Goodbye Tilon the Wizard, killed by a dwarf... You died in The Gnomish Mines on dungeon level 5 with 28000 points, and 228 pieces of gold, after 2428 moves. You were level 5 with a maximum of 38 hit points when you died.